 Dungeon Crawl Stone Soup version 0.28-a0-1184-g53156a8862 (webtiles) character file.

Game seed: 1443509464378297019

230 leviel the Skirmisher (level 6, -1/53 HPs)
             Began as a Hill Orc Fighter on Dec 18, 2021.
             Killed by divine providence
             ... invoked by an orc priest
              (10 damage)
             ... on level 4 of the Dungeon.
             The game lasted 00:04:28 (2929 turns).

leviel the Skirmisher (Hill Orc Fighter)            Turns: 2929, Time: 00:04:29

Health: -1/53      AC: 16    Str: 21    XL:     6   Next: 3%
Magic:  7/7        EV:  6    Int:  8    God:
Gold:   85         SH:  5    Dex: 10    Spells: 5/5 levels left

rFire   . . .      SeeInvis .   e - +0 demon blade
rCold   . . .      Faith    .   c - +1 buckler
rNeg    . . .      Spirit   .   s - +0 plate armour
rPois   .          Reflect  .   (no helmet)
rElec   .          Harm     .   f - +0 cloak
rCorr   .          Rampage  .   h - +2 pair of gloves
Will    .....                   (no boots)
Stlth   ..........              (no amulet)
HPRegen 0.17/turn               (no ring)
MPRegen 0.10/turn               (no ring)

@: lethally poisoned (-1 -> -7)
A: no striking features
a: Convert to Beogh


You were on level 4 of the Dungeon.
You visited 1 branch of the dungeon, and saw 4 of its levels.

You collected 160 gold pieces.
You spent 75 gold pieces at shops.

Inventory:

Hand Weapons
 a - a +0 war axe of freezing
 e - a +0 demon blade (weapon)
 q - a +2 antimagic war axe
Armour
 b - a +0 scale mail
 c - a +1 buckler (worn)
 f - a +0 cloak (worn)
 h - a +2 pair of gloves (worn)
 s - a +0 plate armour (worn)
Jewellery
 o - a ring of flight
Scrolls
 d - a scroll of amnesia {unknown}
 g - a scroll of noise
 j - 2 scrolls of identify {@r1}
 p - 2 scrolls of blinking {unknown}
Potions
 k - a potion of lignification
 l - a potion of invisibility {unknown}
 m - a potion of curing {unknown}
 n - a potion of magic {unknown}
 r - a potion of heal wounds {unknown}


   Skills:
 + Level 4.7 Fighting
 + Level 1.8 Long Blades
 - Level 3.4 Axes
 + Level 4.2 Armour
 + Level 4.1 Shields
 + Level 2.3 Invocations
 + Level 1.7 Evocations


You had 5 spell levels left.
You didn't know any spells.
Your spell library contained the following spells:

 Spells                   Type           Power      Damage    Failure   Level
 Animate Skeleton         Necr           0%         N/A       100%        1
 Pain                     Necr           0%         1d4       100%        1
 Vampiric Draining        Necr           0%         2d6       100%        3


Dungeon Overview and Level Annotations

Branches:
Dungeon (4/15)
 Temple: D:4-7

Altars:
Yredelemnul

Shops:
D:2 ?


Message History

You are too injured to fight recklessly!
You feel sick.
An adder comes into view.
The adder completely misses you.
You feel sick.
You miss the adder.
You feel sick.
The adder hisses angrily.
The adder barely misses you.
You hit the adder.
The adder is heavily wounded.
You feel sick. The adder bites you. x2
You miss the adder.
The adder is heavily wounded.
You feel sick. The adder bites you but does no damage.
The orc wizard casts a spell.
The orc wizard flickers and vanishes!
The orc priest shouts, "Join the one true god or die!"
You slash the adder!
You kill the adder!
You feel sick.
You have reached level 6!
You slash something!
You feel sick.
You are no longer poisoned.
Something completely misses you. Something hits you but does no damage.
You are poisoned.
Unknown command.
Unknown command.
Okay, then.
As you read the scroll of teleportation, it crumbles to dust.
You feel strangely unstable.
You feel sick. Something hits you but does no damage.
You are more poisoned.
* * * LOW HITPOINT WARNING * * *
You feel very sick.
You feel sick.
Your surroundings seem slightly different.
Found a scroll labelled DULIUTZ INAN.
You feel sick.
The orc priest invokes the aid of Beogh against you.
Beogh smites you!
You die...

#... #...# #.>.#
######..[# .........##
.........'
.........###############
........ooS...ยง.........
.......@.###############
.........# #....
.........# #########.##.
.?.......# #..........#.
......#### #.#######..#.
...... #.# #.....#.
....|. #.# #####>#.
...... #.# #[#.
#.########.#.


You could see an orc priest, an adder and an orc.

Vanquished Creatures
  A black bear (D:3)
  Robin (D:3)
  4 gnolls (D:3)
  2 adders
  2 worms (D:3)
  A dart slug (D:2)
  An orc (D:3)
  5 ball pythons
  A bat (D:2)
  2 endoplasms
  A giant cockroach (D:2)
  12 goblins
  8 hobgoblins
  10 jackals
  2 quokkas
  2 kobolds
  A rat (D:1)
56 creatures vanquished.

Vanquished Creatures (others)
  A plant (D:1)
1 creature vanquished.

Grand Total: 57 creatures vanquished

Notes
Turn   | Place    | Note
-------+----------+-------------------------------------------
     0 | D:1      | leviel the Hill Orc Fighter began the quest for the Orb.
     0 | D:1      | Reached XP level 1. HP: 19/19 MP: 1/1
   351 | D:1      | Reached XP level 2. HP: 27/27 MP: 2/2
   962 | D:2      | Reached XP level 3. HP: 33/33 MP: 3/3
  1033 | D:2      | Found Gogheuc's Magic Scroll Shoppe.
  1043 | D:2      | Bought a scroll of enchant armour for 75 gold pieces
  1538 | D:3      | Noticed Robin
  1578 | D:3      | Killed Robin
  1579 | D:3      | Reached skill level 1 in Invocations
  1579 | D:3      | Reached XP level 4. HP: 28/40 MP: 4/4
  1589 | D:3      | Found a faded altar of an unknown god.
  1908 | D:3      | Reached skill level 1 in Long Blades
  1908 | D:3      | Reached skill level 1 in Evocations
  2098 | D:3      | Noticed a black bear
  2123 | D:3      | Reached XP level 5. HP: 20/47 MP: 6/6
  2128 | D:3      | Killed a black bear
  2458 | D:3      | Found a basalt altar of Yredelemnul.
  2925 | D:4      | Reached XP level 6. HP: 19/53 MP: 7/7
  2929 | D:4      | Killed from afar by an orc priest

Illustrated notes

Levels and vault maps discovered:
D:1:      dpeg_arrival_fog, layout_loops_ring, minmay_shallow_snake_nest
D:2:      layout_basic, serial_shops, nicolae_shop_competitors_out_of_business,
          minmay_pentomino_p2, uniq_crazy_yiuf_cottage
D:3:      layout_loops_cross, mainiacjoe_overflow_small_starburst,
          ebering_ecumenical_altar_box, uniq_robin
D:4:      layout_basic, hex_tiny, uniq_sigmund

Skill      XL: |  1  2  3  4  5 |
---------------+----------------+-----
Axes           | 3 |  3.4
Fighting       | 4 |  4.7
Invocations    | 1 2 |  2.3
Long Blades    | 1 |  1.8
Evocations     | 1 |  1.7
Armour         | 4 |  4.2
Shields        | 4 |  4.1

Action                   |  1- 3 |  4- 6 || total
-------------------------+-------+-------++-------
Melee: War axe           |    85 |       ||    85
       Demon blade       |    33 |    76 ||   109
  Use: Scroll            |     6 |     1 ||     7
       Potion            |       |     1 ||     1
Armor: Scale mail        |    85 |    63 ||   148
       Plate armour      |       |    13 ||    13
Dodge: Dodged            |    49 |    46 ||    95
Block: Buckler           |    30 |    40 ||    70

Table legend: (Time is in decaauts)
 A = Elapsed time spent in this place.
 B = Non-inter-level travel time spent in this place.
 C = Inter-level travel time spent in this place.
 D = Time resting spent in this place.
 E = Time spent auto-exploring this place.
 F = Levels seen in this place.
 G = Mean time per level.
                   A        B        C        D        E       F      G
               +--------+--------+--------+--------+--------+-----+--------+
         Total |   2986 |   2874 |    112 |    473 |   1935 |   4 |  746.5 |
       Dungeon |   2986 |   2874 |    112 |    473 |   1935 |   4 |  746.5 |
               +--------+--------+--------+--------+--------+-----+--------+

Top non-repeatable levels by time:
     D:3: 1224 daAuts
     D:1: 787 daAuts
     D:2: 778 daAuts
     D:4: 196 daAuts
